[Event "41st Bangladesh U-20 Girls 2023"]
[Site "Dhaka"]
[Date "2023.12.25"]
[Round "1.1"]
[White "Nusrat Jahan, Alo"]
[Black "Khondakar Aneeka, Mowla"]
[Result "1-0"]
[ECO "C50"]
[WhiteElo "1778"]
[BlackElo "1127"]
[Annotator "NA COMBH"]
[PlyCount "49"]
[EventDate "2023.12.24"]
[EventType "swiss"]
[EventCountry "BAN"]
[SourceTitle "playchess.com"]
[Source "ChessBase"]
[SourceQuality "1"]
[TimeControl "5400+30"]

1. e4 e5 2. Nf3 Nc6 3. Bc4 Be7 4. d4 Bf6 5. d5 Na5 6. Bd3 b6 7. O-O Ne7 8. Nc3 O-O 9. Ne2 d6 10. Ng3 c6 11. Nh5 cxd5 12. Nxf6+ gxf6 13. exd5 Nxd5 14. Be4 Ba6 15. Re1 Nc3 16. bxc3 Rc8 17. Bh6 Re8 18. Nh4 Kh8 19. Qg4 Rg8 20. Qf5 Rg6 21. Nxg6+ fxg6 22. Qh3 Qc7 23. Qe6 f5 24. Qf6+ Kg8 25. Bd5+ 1-0

[Event "41st Bangladesh U-20 Girls 2023"]
[Site "Dhaka"]
[Date "2023.12.25"]
[Round "1.2"]
[White "Suraiya Akther, Salma"]
[Black "Wadifa, Ahmed"]
[Result "0-1"]
[ECO "B40"]
[WhiteElo "1062"]
[BlackElo "1758"]
[Annotator "NA RC"]
[PlyCount "126"]
[EventDate "2023.12.24"]
[EventType "swiss"]
[EventCountry "BAN"]
[SourceTitle "playchess.com"]
[Source "ChessBase"]
[SourceQuality "1"]
[TimeControl "5400+30"]

1. e4 c5 2. Nf3 e6 3. d3 Nc6 4. a3 g6 5. c3 Bg7 6. Be3 b6 7. g3 Nge7 8. Bg2 O-O 9. Nbd2 h6 10. Nc4 d5 11. exd5 exd5 12. Ncd2 Nf5 13. O-O Bb7 14. Nb3 Nxe3 15. fxe3 Re8 16. Re1 Qd7 17. d4 c4 18. Nbd2 Ne7 19. Re2 Qg4 20. Qf1 Qd7 21. Bh3 Qc7 22. Rae1 f5 23. Rf2 Rad8 24. Nh4 Bc8 25. Qg2 Bf6 26. Kh1 Kh7 27. Nhf3 g5 28. g4 fxg4 29. Bxg4 Ng6 30. Bh5 Rg8 31. e4 Nf4 32. Qg3 Qd7 33. Bg6+ Rxg6 34. Re3 Qg4 35. Qxg4 Bxg4 36. e5 Bg7 37. Ng1 Be6 38. h4 Nd3 39. Rh2 g4 40. h5 Rg5 41. Nf1 Rf5 42. Ng3 Rf2 43. Rxf2 Nxf2+ 44. Kh2 Rf8 45. Re1 Nd3 46. Re2 Rf2+ 47. Rxf2 Nxf2 48. N1e2 Nd3 49. Kg2 Kg8 50. Nf1 Nxb2 51. Nf4 Kf7 52. Ne3 Na4 53. Nd1 Bf8 54. Ng6 Bxa3 55. Nh8+ Kg7 56. Ng6 Bc1 57. Ne7 Bd2 58. Nc6 Nxc3 59. Nxc3 Bxc3 60. Nd8 Bf5 61. e6 Kf6 62. Nf7 Bxe6 63. Nxh6 Kg5 0-1

[Event "41st Bangladesh U-20 Girls 2023"]
[Site "Dhaka"]
[Date "2023.12.25"]
[Round "2.1"]
[White "Israt Jahan, Nishi"]
[Black "Nusrat Jahan, Alo"]
[Result "0-1"]
[ECO "B40"]
[WhiteElo "1283"]
[BlackElo "1778"]
[Annotator "NA RC"]
[PlyCount "100"]
[EventDate "2023.12.24"]
[EventType "swiss"]
[EventCountry "BAN"]
[SourceTitle "playchess.com"]
[Source "ChessBase"]
[SourceQuality "1"]
[TimeControl "5400+30"]

1. e4 c5 2. Nf3 e6 3. Bb5 a6 4. Bd3 b5 5. c4 b4 6. O-O Bb7 7. a3 Nc6 8. Be2 d5 9. exd5 exd5 10. d4 cxd4 11. Nxd4 Nf6 12. Bg5 h6 13. Bh4 Be7 14. axb4 Nxb4 15. Bxf6 gxf6 16. Qa4+ Qd7 17. Qxd7+ Kxd7 18. Nc3 dxc4 19. Bxc4 Ke8 20. Rfe1 Kf8 21. Ra4 Rg8 22. g3 Bc5 23. Nf5 Rg6 24. Ne4 Bxe4 25. Rxe4 a5 26. Bb5 Rg5 27. Rf4 Bb6 28. h4 Rxf5 29. Rxf5 Kg7 30. Bc4 Rb8 31. b3 Nc6 32. Bb5 Nd4 33. Rd5 Nxb5 34. Rg4+ Kh7 35. Rd7 Bd4 36. Rdxd4 Nxd4 37. Rxd4 Rxb3 38. Ra4 Rb5 39. Kg2 Kg6 40. g4 f5 41. gxf5+ Kxf5 42. Kg3 Ke5 43. f4+ Kf5 44. Rc4 Rb3+ 45. Kf2 Kg4 46. Rc6 h5 47. Rc5 Rf3+ 48. Ke2 Rxf4 49. Rxa5 Kxh4 50. Ra4 Rxa4 0-1

[Event "41st Bangladesh U-20 Girls 2023"]
[Site "Dhaka"]
[Date "2023.12.25"]
[Round "2.2"]
[White "Wadifa, Ahmed"]
[Black "Rimjhim, Borosha Shaili"]
[Result "1-0"]
[ECO "B13"]
[WhiteElo "1758"]
[BlackElo "1216"]
[Annotator "NA RC"]
[PlyCount "113"]
[EventDate "2023.12.24"]
[EventType "swiss"]
[EventCountry "BAN"]
[SourceTitle "playchess.com"]
[Source "ChessBase"]
[SourceQuality "1"]
[TimeControl "5400+30"]

1. e4 c6 2. d4 d5 3. exd5 cxd5 4. Bd3 Nc6 5. c3 Nf6 6. Bf4 Bg4 7. f3 Bh5 8. Ne2 Bg6 9. O-O Bxd3 10. Qxd3 g6 11. Na3 a6 12. Nc2 Bg7 13. Qd2 O-O 14. Bh6 e5 15. Bxg7 Kxg7 16. dxe5 Nxe5 17. Qd4 Nc4 18. b3 Qb6 19. bxc4 Qxd4+ 20. Nexd4 dxc4 21. Rfb1 b5 22. a4 Nd5 23. Ne2 Rab8 24. axb5 Rxb5 25. Rxb5 axb5 26. Rb1 Rb8 27. Nb4 Nb6 28. Nc6 Ra8 29. Rxb5 Ra2 30. Rxb6 Rxe2 31. Rb4 Re8 32. Rxc4 Rc8 33. Ne5 Rxc4 34. Nxc4 Kf6 35. Kf2 Ke6 36. Ke3 Kd5 37. Kd3 h5 38. h4 f5 39. f4 Ke6 40. Ne5 Kd5 41. c4+ Kc5 42. Nxg6 Kd6 43. Kd4 Kc6 44. c5 Kc7 45. Kd5 Kd7 46. c6+ Kc7 47. Kc5 Kc8 48. Kd6 Kd8 49. c7+ Kc8 50. Ne7+ Kb7 51. c8=Q+ Ka7 52. Qc5+ Kb7 53. Qb5+ Ka7 54. Nc8+ Ka8 55. Ne7 Ka7 56. Nc6+ Ka8 57. Qa6# 1-0

[Event "41st Bangladesh U-20 Girls 2023"]
[Site "Dhaka"]
[Date "2023.12.26"]
[Round "3.1"]
[White "Nusrat Jahan, Alo"]
[Black "Jannatul, Preety"]
[Result "1-0"]
[ECO "B13"]
[WhiteElo "1778"]
[BlackElo "1465"]
[Annotator "NA"]
[PlyCount "99"]
[EventDate "2023.12.24"]
[EventType "swiss"]
[EventCountry "BAN"]
[SourceTitle "playchess.com"]
[Source "ChessBase"]
[SourceQuality "1"]
[TimeControl "5400+30"]

1. e4 c6 2. d4 d5 3. exd5 cxd5 4. Bd3 Nf6 5. h3 Nc6 6. Nf3 e6 7. c3 h6 8. Bf4 Bd6 9. Bxd6 Qxd6 10. O-O O-O 11. Re1 Bd7 12. Ne5 Rac8 13. Bc2 Qc7 14. Na3 Ne7 15. Qd3 g6 16. Qf3 Kg7 17. Rad1 Qb6 18. Qxf6+ Kxf6 19. Nxd7+ Kg7 20. Nxb6 axb6 21. Nb5 Rfd8 22. a4 Nc6 23. Bd3 Ra8 24. Ra1 Na5 25. Ra3 Rdc8 26. Rea1 Kf8 27. b4 Nc4 28. Bxc4 Rxc4 29. a5 bxa5 30. Rxa5 Rb8 31. Ra8 Rcc8 32. Nc7 Ke7 33. Rxb8 Rxb8 34. Ra8 Rxa8 35. Nxa8 Kd6 36. Nb6 Kc6 37. Na4 Kb5 38. Nb2 f6 39. f4 g5 40. g3 Kc6 41. Kf2 Kd6 42. Ke3 gxf4+ 43. gxf4 e5 44. fxe5+ fxe5 45. dxe5+ Kxe5 46. Nd3+ Kf5 47. Kd4 Kg5 48. Kxd5 Kh4 49. Nf4 Kg3 50. Ke4 1-0

[Event "41st Bangladesh U-20 Girls 2023"]
[Site "Dhaka"]
[Date "2023.12.26"]
[Round "3.2"]
[White "Neelava, Choudhury"]
[Black "Wadifa, Ahmed"]
[Result "0-1"]
[ECO "B48"]
[WhiteElo "1505"]
[BlackElo "1758"]
[Annotator "NA"]
[PlyCount "62"]
[EventDate "2023.12.24"]
[EventType "swiss"]
[EventCountry "BAN"]
[SourceTitle "playchess.com"]
[Source "ChessBase"]
[SourceQuality "1"]
[TimeControl "5400+30"]

1. e4 c5 2. Nf3 e6 3. d4 cxd4 4. Nxd4 Nc6 5. Nc3 Qc7 6. Be3 a6 7. Qf3 Nf6 8. O-O-O Bb4 9. Nxc6 bxc6 10. Bg5 Qe5 11. Bxf6 gxf6 12. Ne2 Rb8 13. Qf4 Qxf4+ 14. Nxf4 Bb7 15. Bc4 d5 16. exd5 cxd5 17. Bb3 Ke7 18. c3 Bd6 19. Ne2 Rhd8 20. Nd4 Rbc8 21. Rhe1 Kf8 22. Kb1 e5 23. Nf5 Bc5 24. Ne3 d4 25. Ng4 Kg7 26. f4 e4 27. cxd4 Bxd4 28. Rc1 Rxc1+ 29. Rxc1 h5 30. Rc7 Bd5 31. Rc2 Bxb3 0-1

[Event "41st Bangladesh U-20 Girls 2023"]
[Site "Dhaka"]
[Date "2023.12.27"]
[Round "4.1"]
[White "Warsia, Khusbu"]
[Black "Nusrat Jahan, Alo"]
[Result "1/2-1/2"]
[ECO "B33"]
[WhiteElo "1661"]
[BlackElo "1778"]
[Annotator "NA"]
[PlyCount "98"]
[EventDate "2023.12.24"]
[EventType "swiss"]
[EventCountry "BAN"]
[SourceTitle "playchess.com"]
[Source "ChessBase"]
[SourceQuality "1"]
[TimeControl "5400+30"]

1. e4 c5 2. Nf3 Nc6 3. d4 cxd4 4. Nxd4 Nf6 5. Nc3 e5 6. Ndb5 d6 7. Bg5 a6 8. Na3 b5 9. Nd5 Be7 10. Bxf6 Bxf6 11. c4 Nd4 12. cxb5 Qa5+ 13. Qd2 axb5 14. Qxa5 Rxa5 15. Bxb5+ Kd8 16. Bd3 Be6 17. Nc4 Rb5 18. Nde3 Kd7 19. b3 Ra8 20. O-O Ke7 21. Rfd1 Rd8 22. Kf1 g6 23. Nb2 Ra5 24. Bc4 Bg7 25. b4 Ra3 26. Bxe6 fxe6 27. Nbc4 Ra4 28. a3 Bh6 29. Na5 Bxe3 30. fxe3 Rf8+ 31. Kg1 Nc2 32. Rac1 Nxe3 33. Rd3 Ng4 34. Nc6+ Ke8 35. Rxd6 Rf4 36. Rxe6+ Kd7 37. Re7+ Kd6 38. Ra7 Rxa7 39. Nxa7 Rxe4 40. Nc8+ Ke6 41. b5 Ra4 42. Rc3 Rd4 43. g3 Rd1+ 44. Kg2 Rd2+ 45. Kf1 e4 46. Ke1 Rb2 47. Rc4 Nf2 48. b6 e3 49. Rc3 Ke5 1/2-1/2

[Event "41st Bangladesh U-20 Girls 2023"]
[Site "Dhaka"]
[Date "2023.12.27"]
[Round "4.2"]
[White "Wadifa, Ahmed"]
[Black "Kazi Zarin, Tasnim"]
[Result "1-0"]
[ECO "C79"]
[WhiteElo "1758"]
[BlackElo "1748"]
[Annotator "NA"]
[PlyCount "87"]
[EventDate "2023.12.24"]
[EventType "swiss"]
[EventCountry "BAN"]
[SourceTitle "playchess.com"]
[Source "ChessBase"]
[SourceQuality "1"]
[TimeControl "5400+30"]

1. e4 e5 2. Nf3 Nc6 3. Bb5 a6 4. Ba4 Nf6 5. O-O d6 6. Re1 b5 7. Bb3 Na5 8. d4 Nxb3 9. axb3 Bb7 10. d5 c6 11. c4 cxd5 12. cxd5 Be7 13. Nbd2 O-O 14. b4 Nd7 15. Nb3 Nb6 16. Na5 Qd7 17. Be3 Nc4 18. Nxc4 bxc4 19. Nd2 Rfc8 20. Qc2 f5 21. f3 Bh4 22. Rec1 f4 23. Bf2 Bxf2+ 24. Kxf2 Qb5 25. Qc3 a5 26. Rxa5 Rxa5 27. bxa5 Ba6 28. g3 fxg3+ 29. hxg3 Rb8 30. Nxc4 Qc5+ 31. Kg2 Bxc4 32. Qxc4 Qxa5 33. Rc2 h6 34. Qc6 Qa1 35. Qxd6 Rxb2 36. Qe6+ Kh7 37. Qf5+ Kh8 38. Rxb2 Qxb2+ 39. Kh3 Qd4 40. Qf8+ Kh7 41. d6 h5 42. Qf5+ Kh6 43. Kh4 Qd2 44. Qxh5# 1-0

[Event "41st Bangladesh U-20 Girls 2023"]
[Site "Dhaka"]
[Date "2023.12.28"]
[Round "5.1"]
[White "Nusrat Jahan, Alo"]
[Black "Wadifa, Ahmed"]
[Result "0-1"]
[ECO "B50"]
[WhiteElo "1778"]
[BlackElo "1758"]
[Annotator "NA"]
[PlyCount "104"]
[EventDate "2023.12.24"]
[EventType "swiss"]
[EventCountry "BAN"]
[SourceTitle "playchess.com"]
[Source "ChessBase"]
[SourceQuality "1"]
[TimeControl "5400+30"]

1. e4 c5 2. Nf3 e6 3. b3 Nc6 4. Bb2 d6 5. Nc3 Nf6 6. d4 cxd4 7. Nxd4 Be7 8. Qd2 O-O 9. O-O-O Bd7 10. Kb1 Nxd4 11. Qxd4 e5 12. Qd2 Rb8 13. f3 b5 14. Qf2 a5 15. g4 Bc6 16. Be2 b4 17. g5 bxc3 18. gxf6 cxb2 19. fxe7 Qxe7 20. Kxb2 a4 21. Bc4 Kh8 22. Qd2 Rfd8 23. Bd5 Bxd5 24. Qxd5 axb3 25. axb3 Qc7 26. c4 Rdc8 27. Rc1 Qb6 28. Qd3 h6 29. Rhd1 Rc6 30. Qc3 Qb7 31. Rb1 Qc8 32. Kc2 f5 33. Qd3 fxe4 34. fxe4 Rcb6 35. Qg3 Qb7 36. Rd5 Qa7 37. Qc3 Qb7 38. Qd3 Qc7 39. Kc3 Qa7 40. Rxd6 Qa5+ 41. Kc2 Rxb3 42. Qxb3 Rxb3 43. Rxb3 Qc7 44. Rd5 Qxc4+ 45. Rc3 Qxe4+ 46. Rdd3 Qa4+ 47. Kc1 Qf4+ 48. Rd2 e4 49. Kd1 e3 50. Rc8+ Kh7 51. Re2 Qf1+ 52. Re1 Qd3+ 0-1

[Event "41st Bangladesh U-20 Girls 2023"]
[Site "Dhaka"]
[Date "2023.12.28"]
[Round "5.2"]
[White "Kazi Zarin, Tasnim"]
[Black "Warsia, Khusbu"]
[Result "0-1"]
[ECO "C42"]
[WhiteElo "1748"]
[BlackElo "1661"]
[Annotator "NA"]
[PlyCount "50"]
[EventDate "2023.12.24"]
[EventType "swiss"]
[EventCountry "BAN"]
[SourceTitle "playchess.com"]
[Source "ChessBase"]
[SourceQuality "1"]
[TimeControl "5400+30"]

1. e4 e5 2. Nf3 Nf6 3. Nxe5 d6 4. Nf3 Nxe4 5. Nc3 Nxc3 6. dxc3 Be7 7. Be3 Be6 8. Bd3 c5 9. Qd2 O-O 10. h4 Nd7 11. Ng5 Nf6 12. Nxe6 fxe6 13. f3 b5 14. O-O-O c4 15. Bf1 Nd5 16. Bf2 Bf6 17. g3 Qa5 18. Bd4 Qxa2 19. Qe2 Rae8 20. Bh3 Bxd4 21. cxd4 Qa1+ 22. Kd2 Qxb2 23. Qe4 Qb4+ 24. Kc1 Nc3 25. Bxe6+ Kh8 0-1

[Event "41st Bangladesh U-20 Girls 2023"]
[Site "Dhaka"]
[Date "2023.12.29"]
[Round "6.1"]
[White "Wadifa, Ahmed"]
[Black "Warsia, Khusbu"]
[Result "1-0"]
[ECO "A01"]
[WhiteElo "1758"]
[BlackElo "1661"]
[Annotator "NA RC"]
[PlyCount "63"]
[EventDate "2023.12.24"]
[EventType "swiss"]
[EventCountry "BAN"]
[SourceTitle "playchess.com"]
[Source "ChessBase"]
[SourceQuality "1"]
[TimeControl "5400+30"]

1. b3 e5 2. Bb2 Nc6 3. c4 f5 4. d3 Bb4+ 5. Nd2 Nf6 6. a3 Bxd2+ 7. Qxd2 O-O 8. e3 d5 9. cxd5 Qxd5 10. Qc2 Be6 11. Nf3 Rfe8 12. b4 a5 13. b5 Qxb5 14. d4 Qb3 15. Qxb3 Bxb3 16. dxe5 Ng4 17. Bb5 Bd5 18. h3 Bxf3 19. hxg4 Bxg2 20. Rg1 Be4 21. Ke2 fxg4 22. Bc4+ Kh8 23. Rxg4 Bf5 24. Rg5 Nxe5 25. Rag1 Nxc4 26. Bxg7+ Kg8 27. Rxf5 Re6 28. Bf6+ Kf8 29. Bh4+ Ke8 30. Rg8+ Kd7 31. Rxa8 Nd6 32. Rh5 1-0

[Event "41st Bangladesh U-20 Girls 2023"]
[Site "Dhaka"]
[Date "2023.12.29"]
[Round "7.2"]
[White "Warsia, Khusbu"]
[Black "Jannatul, Preety"]
[Result "1-0"]
[ECO "B17"]
[WhiteElo "1661"]
[BlackElo "1465"]
[Annotator "NA"]
[PlyCount "154"]
[EventDate "2023.12.24"]
[EventType "swiss"]
[EventCountry "BAN"]
[SourceTitle "playchess.com"]
[Source "ChessBase"]
[SourceQuality "1"]
[TimeControl "5400+30"]

1. e4 c6 2. d4 d5 3. Nc3 dxe4 4. Nxe4 Nd7 5. c3 Ngf6 6. Bd3 Nxe4 7. Bxe4 Nf6 8. Bf3 Bf5 9. Ne2 h6 10. Qb3 Qb6 11. Ng3 Bd3 12. Qd1 Qa6 13. b3 Rd8 14. Bb2 e6 15. Qd2 Nd5 16. a3 Bd6 17. c4 Nf4 18. Nh5 Nxh5 19. Qxd3 Nf6 20. O-O O-O 21. Qe3 Rfe8 22. Rfe1 Qa5 23. b4 Qc7 24. h3 Nh7 25. h4 Nf6 26. Rad1 a5 27. Qb3 axb4 28. axb4 Be7 29. g3 Qb6 30. Bc3 Bf8 31. Qb2 Be7 32. Kg2 Qc7 33. Qb3 Qb6 34. d5 cxd5 35. Bxf6 dxc4 36. Rxd8 Rxd8 37. Qxc4 Bxf6 38. b5 Be7 39. Re2 Bf6 40. Rc2 g5 41. hxg5 hxg5 42. Bh5 Qd6 43. Bf3 b6 44. Qg4 Kg7 45. Qe4 Qd4 46. Qb7 Rd7 47. Qc8 Rd8 48. Qc6 g4 49. Be2 Qd5+ 50. Kg1 Qd4 51. Rc4 Qd2 52. Rxg4+ Kf8 53. Qf3 Ke7 54. Rf4 Qb2 55. Kg2 Rd7 56. g4 Qe5 57. Re4 Qg5 58. Qa3+ Ke8 59. Qa8+ Ke7 60. Qa3+ Ke8 61. Qb3 Bd4 62. Qg3 Bc5 63. Re5 Qd2 64. Qf3 Ke7 65. Rh5 Qb2 66. Rh7 Qf6 67. Qxf6+ Kxf6 68. f4 Ke7 69. Kf3 Kf8 70. g5 Rd8 71. Rh6 Kg7 72. Rh1 f6 73. gxf6+ Kxf6 74. Rh6+ Ke7 75. Bc4 Rd6 76. Kg4 Bd4 77. Kg5 Be3 1-0

[Event "41st Bangladesh U-20 Girls 2023"]
[Site "Dhaka"]
[Date "2023.12.30"]
[Round "8.1"]
[White "Khondakar Aneeka, Mowla"]
[Black "Wadifa, Ahmed"]
[Result "0-1"]
[ECO "B43"]
[WhiteElo "1127"]
[BlackElo "1758"]
[Annotator "NA"]
[PlyCount "78"]
[EventDate "2023.12.24"]
[EventType "swiss"]
[EventCountry "BAN"]
[SourceTitle "playchess.com"]
[Source "ChessBase"]
[SourceQuality "1"]
[TimeControl "5400+30"]

1. e4 c5 2. Nf3 e6 3. d4 cxd4 4. Nxd4 a6 5. Nc3 Qc7 6. Be3 Bb4 7. Bd2 Be7 8. Bd3 Nf6 9. O-O Nc6 10. Nxc6 bxc6 11. Rb1 O-O 12. Kh1 d5 13. exd5 cxd5 14. Qf3 Bb7 15. Qe2 e5 16. f3 Rfe8 17. Qf2 e4 18. fxe4 dxe4 19. Be2 Bc5 20. Qf4 Qxf4 21. Bxf4 Rac8 22. Nd1 Nd5 23. Bg3 g6 24. Bc4 Bd4 25. Bxd5 Bxd5 26. c3 Bxa2 27. Ra1 Bc4 28. Re1 Bb6 29. Ne3 Bxe3 30. Rxe3 g5 31. Bd6 Re6 32. Bb4 f5 33. g3 f4 34. Ree1 e3 35. gxf4 Bd5+ 36. Kg1 gxf4 37. Rad1 Rg6+ 38. Kf1 Bc4+ 39. Re2 f3 0-1

[Event "41st Bangladesh U-20 Girls 2023"]
[Site "Dhaka"]
[Date "2023.12.30"]
[Round "8.2"]
[White "Nusrat Jahan, Alo"]
[Black "Kazi Zarin, Tasnim"]
[Result "0-1"]
[ECO "C54"]
[WhiteElo "1778"]
[BlackElo "1748"]
[Annotator "NA"]
[PlyCount "65"]
[EventDate "2023.12.24"]
[EventType "swiss"]
[EventCountry "BAN"]
[SourceTitle "playchess.com"]
[Source "ChessBase"]
[SourceQuality "1"]
[TimeControl "5400+30"]

1. e4 e5 2. Nf3 Nc6 3. Bc4 Bc5 4. c3 Nf6 5. d4 exd4 6. e5 d5 7. Bb5 Ne4 8. cxd4 Bb6 9. Nc3 O-O 10. Be3 Bg4 11. Qb3 Ne7 12. Bd3 c5 13. Bxe4 dxe4 14. Nxe4 cxd4 15. Bg5 Qd5 16. Qxd5 Nxd5 17. Ned2 Rac8 18. O-O Rc2 19. b3 Nc3 20. a3 Re8 21. h3 Bxf3 22. Nxf3 h6 23. Bh4 d3 24. Ne1 Rd2 25. Kh1 g5 26. Bg3 Ne4 27. Nf3 Rb2 28. Rab1 Rxb1 29. Re1 Rd1 30. Rxd1 d2 31. Bh2 Bxf2 32. Rf1 Rc8 33. Ne1 0-1

[Event "41st Bangladesh U-20 Girls 2023"]
[Site "Dhaka"]
[Date "2023.12.31"]
[Round "9.1"]
[White "Wadifa, Ahmed"]
[Black "Jannatul, Preety"]
[Result "1/2-1/2"]
[ECO "B13"]
[WhiteElo "1758"]
[BlackElo "1465"]
[Annotator "NA COMBH"]
[PlyCount "57"]
[EventDate "2023.12.24"]
[EventType "swiss"]
[EventCountry "BAN"]
[SourceTitle "playchess.com"]
[Source "ChessBase"]
[SourceQuality "1"]
[TimeControl "5400+30"]

1. e4 c6 2. d4 d5 3. exd5 cxd5 4. Bd3 Nf6 5. h3 Nc6 6. c3 h6 7. Nf3 e6 8. Bf4 Bd6 9. Bxd6 Qxd6 10. Na3 a6 11. Nc2 Nh5 12. Ne3 Nf4 13. Bc2 e5 14. g3 exd4 15. gxf4 dxe3 16. fxe3 Be6 17. Nd4 O-O-O 18. Qd2 Na5 19. Bd3 Rhe8 20. O-O-O Kb8 21. Kb1 Nc6 22. Nxc6+ Qxc6 23. Bc2 Qc8 24. Qg2 g6 25. Rd4 Bf5 26. Rxd5 Bxc2+ 27. Kxc2 Rxe3 28. Rxd8 Qxd8 29. Rd1 1/2-1/2

[Event "41st Bangladesh U-20 Girls 2023"]
[Site "Dhaka"]
[Date "2023.12.31"]
[Round "9.2"]
[White "Ahona, Dey"]
[Black "Warsia, Khusbu"]
[Result "1/2-1/2"]
[ECO "D02"]
[WhiteElo "1390"]
[BlackElo "1661"]
[Annotator "NA COMBH"]
[PlyCount "35"]
[EventDate "2023.12.24"]
[EventType "swiss"]
[EventCountry "BAN"]
[SourceTitle "playchess.com"]
[Source "ChessBase"]
[SourceQuality "1"]
[TimeControl "5400+30"]

1. d4 Nf6 2. Bf4 e6 3. e3 c5 4. c3 d5 5. Nf3 a6 6. Bd3 Be7 7. Nbd2 O-O 8. Ne5 Nc6 9. Ndf3 cxd4 10. exd4 Ne4 11. Nxc6 bxc6 12. Bxe4 dxe4 13. Ne5 Bb7 14. Qe2 c5 15. Rd1 Qc8 16. Qg4 f5 17. Qg3 Rd8 18. Be3 1/2-1/2